 Dungeon Crawl Stone Soup version 0.31-a0-182-gc5ef74bbde (webtiles) character file.

Game seed: 6607269392825468666

7891 qw the Fighter (level 11, -2/80 HPs)
             Began as a Gargoyle Fighter on June 20, 2023.
             Slain by a wraith (10 damage)
             ... on level 9 of the Dungeon.
             The game lasted 00:04:45 (7516 turns).

qw the Fighter (Gargoyle Fighter)                   Turns: 7516, Time: 00:04:46

Health: -2/80      AC: 32    Str: 25    XL:     11   Next: 22%
Magic:  11/11      EV:  6    Int:  8    God:
Gold:   501        SH: 11    Dex:  9    Spells: 10/10 levels left

rFire   . . .        Y - +2 broad axe (heavy)
rCold   + . .        b - +0 kite shield
rNeg    + . .        C - +0 plate armour
rPois   inf          (no helmet)
rElec   +            j - +2 cloak
rCorr   .            g - +2 pair of gloves
SInv    .            y - +0 pair of boots
Will    .....        c - amulet of the acrobat Stlth
                     k - +4 ring of protection
HPRegen 0.33/turn    i - ring of protection from cold
MPRegen 0.12/turn

%: acrobat
@: about to teleport
A: sickness immunity, AC +8, negative energy resistance 1, electricity
resistance, torment resistance 1, petrification resistance
a: no special abilities


You were on level 9 of the Dungeon.
You visited 2 branches of the dungeon, and saw 10 of its levels.
You also visited: Ossuary.

You collected 501 gold pieces.


Innate Abilities, Weirdness & Mutations

You are immune to sickness and miasma.
Your stone body is resilient. (AC +8)
You are immune to poison.
You resist negative energy. (rN+)
You are resistant to electric shocks. (rElec)
You are resistant to unholy torment.
You are immune to petrification.


   Skills:
 - Level 14.1 Fighting
 - Level 9.0 Axes
 + Level 5.3 Armour
 - Level 1.1 Dodging
 - Level 11.5 Shields


You had 10 spell levels left.
You didn't know any spells.
Your spell library was empty.

Inventory:

Hand Weapons
 l - a +1 mace of holy wrath
 q - a +0 flail
 Y - a +2 heavy broad axe (weapon)
Armour
 b - a +0 kite shield (worn)
 g - a +2 pair of gloves (worn)
 j - a +2 cloak (worn)
 y - a +0 pair of boots (worn)
 C - a +0 plate armour (worn)
Jewellery
 c - an amulet of the acrobat (around neck)
 i - a ring of protection from cold (right hand)
 k - a +4 ring of protection (left hand)
 w - a ring of willpower
 A - a ring of protection from cold
Scrolls
 f - a scroll of identify
 p - 4 scrolls of teleportation
Potions
 a - 3 potions of curing
 d - 3 potions of might
 e - a potion of magic
 h - 2 potions of attraction
 m - 2 potions of heal wounds
 n - a potion of resistance
 o - a potion of lignification
 t - a potion of enlightenment
 u - 3 potions of haste
 x - a potion of brilliance {unknown}
 z - a potion of cancellation {unknown}

Dungeon Overview and Level Annotations

Branches:
Dungeon (9/15)             Temple (1/1) D:4         Ossuary (visited)
   Lair: D:8-11         Orc: D:9-12

Altars:
Ashenzari
Cheibriados
Dithmenos
Elyvilon
Fedhas
Gozag
Hepliaklqana
Makhleb
Nemelex Xobeh
Qazlal
Ru
Trog
Uskayaw
Wu Jian
Xom
Zin
The Shining One

Annotations:
D:5 exclusion: 2 goblins


Message History

Your Armour skill increases to level 5!
You closely miss the yak.
The yak is severely wounded.
You closely miss the yak. You slice the wraith!!
A yak comes into view.
The yak gores you but does no damage. The yak gores you!
The wraith hits you but does no damage. You block the yak's attack.
The yak gores you but does no damage. The wraith hits you but does no damage.
You closely miss the wraith.
The wraith is severely damaged.
You barely miss the yak. You slice the yak!!
You kill the yak!
The wraith hits you. The wraith drains your vigour!
You feel yourself slow down.
Your Axes skill increases to level 9!
You barely miss the wraith.
The wraith is severely damaged.
You barely miss the yak. You slash the yak!
The wraith hits you but does no damage. You block the yak's attack.
The yak barely misses you. The wraith hits you.
The yak gores you but does no damage. x4
The wraith hits you but does no damage.
You completely miss the wraith.
The wraith is severely damaged.
You slice the yak!! x2; You hit the yak.
You block the wraith's attack. The yak gores you! The yak gores you.
The yak gores you! The wraith barely misses you. You block the yak's attack.
The yak gores you but does no damage. The yak gores you.
You slice the yak!!
You kill the yak!
You slash the yak! You closely miss the wraith. You slash the yak!
You feel yourself speed up. The wraith hits you but does no damage.
You block the yak's attack. x2
The wraith hits you but does no damage. The yak gores you!
The yak completely misses you. The yak closely misses you.
The wraith hits you but does no damage. The yak gores you.
7516 ||| READING 5 scrolls of teleportation.
As you read the scroll of teleportation, it crumbles to dust.
You feel strangely unstable. The wraith hits you!
You die...

.... ###... ##....
.... ##... #...#####
###
...####Y#.....###..#
......Y@#..........#
......W%........#
.......$..##...<#
................#
.......####.....#
......# #.....#
...... ###....#
#..... ....... ....
.####.#..


You could see 2 yaks and a wraith.

Vanquished Creatures
  A two-headed ogre (D:8)
  Joseph (D:9)
  Maggie (D:8)
  Sigmund (D:6)
  A vampire (D:9)
  2 yaks (D:9)
  A wyvern (D:7)
  An acid dragon (D:8)
  2 water moccasins
  Duvessa (D:4)
  An orc warrior (D:8)
  An ice beast (D:6)
  A sky beast (D:7)
  A black bear (D:6)
  A centaur (D:7)
  A phantom (D:4)
  3 kobold brigands
  4 bullfrogs (D:7)
  2 gnoll sergeants
  A scorpion (D:5)
  Dowan (D:4)
  4 howler monkeys
  5 centaur zombies (Ossuary)
  3 hounds
  A gnoll bouda (D:4)
  2 orc priests
  2 sleepcaps
  4 iguanas
  5 orc wizards
  5 mummies (Ossuary)
  14 gnolls
  7 adders
  A shadow imp (D:5)
  A white imp (D:7)
  An ufetubus (D:5)
  A worm (D:2)
  2 dart slugs
  23 orcs
  7 endoplasms
  3 giant cockroaches
  4 hobgoblins
  6 jackals
  10 quokkas
  6 ball pythons
  6 bats
  4 frilled lizards
  6 goblins
  2 hobgoblin zombies (Ossuary)
  20 kobolds
  5 rats
189 creatures vanquished.

Vanquished Creatures (others)
  An orc (D:3)
1 creature vanquished.

Grand Total: 190 creatures vanquished

Notes
Turn   | Place    | Note
-------+----------+-------------------------------------------
     0 | D:1      | qw the Gargoyle Fighter began the quest for the Orb.
     0 | D:1      | Reached XP level 1. HP: 14/14 MP: 1/1
     0 | D:1      | 0 ||| qw: Version: 0.3-a-9-g12657ce
     0 | D:1      | 0 ||| qw: Game counter: 1474
     0 | D:1      | 0 ||| qw: Always use a shield: true
     0 | D:1      | 0 ||| qw: God list: Okawaru
     0 | D:1      | 0 ||| qw: Allow faded altars: false
     0 | D:1      | 0 ||| qw: Do Orc after D:15 true
     0 | D:1      | 0 ||| qw: Do second Lair branch before Depths: true
     0 | D:1      | 0 ||| qw: Lair rune preference: random
     0 | D:1      | 0 ||| qw: Plans: Normal, Zot:1-4, Slime:5, God:TSO, Crypt,
                  | Tomb, Abyss, Pan, Hells, Win
     0 | D:1      | 0 ||| PLANNING D:1-11
    49 | D:1      | 49 ||| Stepping ~*~*~tactically~*~*~ (hiding).
    50 | D:1      | 50 ||| Stepping ~*~*~tactically~*~*~ (hiding).
    73 | D:1      | 73 ||| Stepping ~*~*~tactically~*~*~ (stealth).
    74 | D:1      | 74 ||| Stepping ~*~*~tactically~*~*~ (stealth).
    75 | D:1      | 75 ||| Stepping ~*~*~tactically~*~*~ (stealth).
    83 | D:1      | 83 ||| FLEEEEING.
    98 | D:1      | 98 ||| Stepping ~*~*~tactically~*~*~ (hiding).
   101 | D:1      | 101 ||| Stepping ~*~*~tactically~*~*~ (hiding).
   102 | D:1      | 102 ||| Stepping ~*~*~tactically~*~*~ (hiding).
   114 | D:1      | Reached XP level 2. HP: 19/19 MP: 2/2
   425 | D:1      | 425 ||| Stepping ~*~*~tactically~*~*~ (stealth).
   432 | D:1      | Reached skill level 3 in Axes
   436 | D:1      | Reached XP level 3. HP: 23/23 MP: 3/3
   579 | D:1      | Found a faded altar of an unknown god.
   677 | D:1      | 677 ||| UPGRADING to +2 cloak.
   682 | D:1      | 682 ||| UPGRADING to +4 ring of protection.
   683 | D:1      | 683 ||| READING scroll labelled FITAHAYLURGH.
   684 | D:1      | 684 ||| READING scroll labelled ATYFRIYJYA.
   685 | D:1      | 685 ||| READING scroll labelled XYPROO JIAGH.
   686 | D:1      | 686 ||| READING scroll labelled IREIPE JEYHOMM.
   687 | D:1      | 687 ||| READING scroll labelled HUBAIGH IQIUG.
   688 | D:1      | 688 ||| READING scroll labelled VUHEB CETZEWKA.
   688 | D:1      | Identified a scroll of acquirement
   688 | D:1      | 688 ||| ACQUIRING +1 war axe of freezing
   688 | D:1      | Acquired a +1 war axe of freezing
   690 | D:1      | 690 ||| SWAPPING to +1 war axe of freezing.
   691 | D:1      | 691 ||| DROPPING +1 war axe.
   768 | D:2      | 768 ||| Stepping ~*~*~tactically~*~*~ (stealth).
   811 | D:2      | 811 ||| Stepping ~*~*~tactically~*~*~ (hiding).
   812 | D:2      | 812 ||| Stepping ~*~*~tactically~*~*~ (hiding).
   813 | D:2      | 813 ||| Stepping ~*~*~tactically~*~*~ (hiding).
   861 | D:2      | 861 ||| Stepping ~*~*~tactically~*~*~ (stealth).
   965 | D:2      | 965 ||| Stepping ~*~*~tactically~*~*~ (hiding).
   967 | D:2      | 967 ||| Stepping ~*~*~tactically~*~*~ (hiding).
  1090 | D:2      | Reached XP level 4. HP: 27/28 MP: 4/4
  1118 | D:2      | 1118 ||| DROPPING +0 club.
  1621 | D:2      | 1621 ||| UPGRADING to +0 pair of gloves.
  1626 | D:2      | 1626 ||| READING scroll labelled TAIMAI VYEF.
  1627 | D:2      | 1627 ||| READING scroll labelled AMPAES XUCLON.
  1628 | D:2      | 1628 ||| READING 2 scrolls labelled WELULO IGRUAX.
  1631 | D:2      | 1631 ||| DRINKING 2 sapphire potions.
  1632 | D:2      | 1632 ||| READING 2 scrolls of identify.
  1632 | D:2      | 1632 ||| IDENTIFYING fizzy sapphire potion
  1819 | D:3      | 1819 ||| Stepping ~*~*~tactically~*~*~ (hiding).
  1902 | D:3      | Found an ornate altar of the Wu Jian Council.
  1951 | D:3      | Found a glowing silver altar of Zin.
  2072 | D:3      | Reached XP level 5. HP: 29/32 MP: 5/5
  2383 | D:3      | 2383 ||| Stepping ~*~*~tactically~*~*~ (hiding).
  2438 | D:3      | 2438 ||| UPGRADING to +0 chain mail.
  2448 | D:3      | 2448 ||| DROPPING +0 scale mail.
  2449 | D:3      | 2449 ||| READING scroll labelled QOICHE JOFEPP.
  2450 | D:3      | 2450 ||| DRINKING 2 bubbling silvery potions.
  2451 | D:3      | 2451 ||| DRINKING 2 lumpy inky potions.
  2452 | D:3      | 2452 ||| DROPPING potion of degeneration.
  2529 | D:4      | 2529 ||| Stepping ~*~*~tactically~*~*~ (hiding).
  2531 | D:4      | 2531 ||| Stepping ~*~*~tactically~*~*~ (hiding).
  2575 | D:4      | Noticed a phantom
  2576 | D:4      | 2576 ||| Stepping ~*~*~tactically~*~*~ (stealth).
  2577 | D:4      | 2577 ||| Stepping ~*~*~tactically~*~*~ (stealth).
  2578 | D:4      | 2578 ||| Stepping ~*~*~tactically~*~*~ (stealth).
  2579 | D:4      | 2579 ||| Stepping ~*~*~tactically~*~*~ (stealth).
  2580 | D:4      | 2580 ||| Stepping ~*~*~tactically~*~*~ (stealth).
  2614 | D:4      | Killed a phantom
  2615 | D:4      | Reached skill level 4 in Fighting
  2615 | D:4      | Reached XP level 6. HP: 34/40 MP: 6/6
  2642 | D:4      | 2642 ||| Stepping ~*~*~tactically~*~*~ (hiding).
  2808 | D:4      | Found a staircase to the Ecumenical Temple.
  2809 | D:4      | 2809 ||| PLANNING TEMPLE
  2809 | D:4      | 2809 ||| READING 2 scrolls of identify.
  2809 | D:4      | 2809 ||| IDENTIFYING blue potion
  2818 | Temple   | Entered the Ecumenical Temple
  2912 | Temple   | 2912 ||| PLANNING D:1-11
  2953 | D:4      | Noticed Dowan
  2954 | D:4      | Noticed Duvessa
  2968 | D:4      | Killed Duvessa
  2969 | D:4      | Reached skill level 6 in Axes
  2969 | D:4      | Reached XP level 7. HP: 16/44 MP: 7/7
  2978 | D:4      | Killed Dowan
  2979 | D:4      | Reached skill level 1 in Dodging
  3218 | D:4      | 3218 ||| READING scroll of enchant weapon.
  3218 | D:4      | 3218 ||| ENCHANTING +1 war axe of freezing.
  3256 | D:4      | 3256 ||| READING scroll labelled ZEGYUZ TUHIONE.
  3257 | D:4      | 3257 ||| FLEEEEING.
  3394 | D:4      | 3394 ||| Stepping ~*~*~tactically~*~*~ (hiding).
  3399 | D:4      | Found a snail-covered altar of Cheibriados.
  3594 | D:4      | Found the +5 woodcutter's axe
  3700 | D:4      | 3700 ||| UPGRADING to +0 kite shield.
  3710 | D:4      | 3710 ||| DROPPING +0 buckler.
  3711 | D:4      | 3711 ||| READING 2 scrolls of identify.
  3711 | D:4      | 3711 ||| IDENTIFYING orange potion
  3721 | D:5      | Entered Level 5 of the Dungeon
  3722 | D:5      | 3722 ||| PLANNING OSSUARY
  3958 | D:5      | 3958 ||| UPGRADING to amulet of the acrobat.
  4164 | D:5      | 4164 ||| Stepping ~*~*~tactically~*~*~ (hiding).
  4285 | D:5      | 4285 ||| READING scroll of enchant armour.
  4285 | D:5      | 4285 ||| ENCHANTING +0 pair of gloves.
  4337 | D:5      | Reached XP level 8. HP: 48/48 MP: 8/8
  4431 | D:5      | Found a sand-covered staircase.
  4432 | D:5      | 4432 ||| READING scroll labelled ZOJOFIS ATEEMN.
  4433 | D:5      | 4433 ||| DRINKING 2 yellow potions.
  4477 | Ossuary  | Entered an ossuary
  4563 | Ossuary  | 4563 ||| FLEEEEING.
  4580 | Ossuary  | Reached skill level 6 in Shields
  4585 | Ossuary  | 4585 ||| FLEEEEING.
  4754 | Ossuary  | 4754 ||| READING scroll of enchant armour.
  4754 | Ossuary  | 4754 ||| ENCHANTING +1 pair of gloves.
  4757 | Ossuary  | 4757 ||| READING scroll labelled VEBUIDGH LOSAA.
  4758 | Ossuary  | 4758 ||| DRINKING 2 fizzy golden potions.
  4758 | Ossuary  | Reached skill level 14 in Fighting
  4758 | Ossuary  | Reached XP level 9. HP: 69/69 MP: 9/9
  4759 | Ossuary  | 4759 ||| DRINKING potion of experience.
  4759 | Ossuary  | Reached XP level 10. HP: 75/75 MP: 10/10
  4768 | D:5      | 4768 ||| PLANNING D:1-11
  5494 | D:6      | Noticed Sigmund
  5503 | D:6      | Killed Sigmund
  5986 | D:6      | 5986 ||| UPGRADING to ring of protection from cold.
  5987 | D:6      | 5987 ||| READING scroll labelled KAIR EG OCW.
  6056 | D:7      | Found an opulent altar of Gozag.
  6154 | D:7      | You fall into a shaft and drop 1 floor!
  6162 | D:8      | Noticed a two-headed ogre
  6163 | D:8      | 6163 ||| Stepping ~*~*~tactically~*~*~ (stealth).
  6164 | D:8      | 6164 ||| Stepping ~*~*~tactically~*~*~ (stealth).
  6167 | D:8      | 6167 ||| Stepping ~*~*~tactically~*~*~ (stealth).
  6168 | D:8      | 6168 ||| Stepping ~*~*~tactically~*~*~ (stealth).
  6173 | D:8      | 6173 ||| Stepping ~*~*~tactically~*~*~ (stealth).
  6182 | D:8      | Killed a two-headed ogre
  6244 | D:8      | 6244 ||| Stepping ~*~*~tactically~*~*~ (hiding).
  6276 | D:8      | 6276 ||| Stepping ~*~*~tactically~*~*~ (stealth).
  6292 | D:8      | Noticed Maggie
  6293 | D:8      | 6293 ||| Stepping ~*~*~tactically~*~*~ (stealth).
  6295 | D:8      | 6295 ||| Stepping ~*~*~tactically~*~*~ (stealth).
  6296 | D:8      | 6296 ||| Stepping ~*~*~tactically~*~*~ (stealth).
  6304 | D:8      | Killed Maggie
  6474 | D:7      | 6474 ||| Stepping ~*~*~tactically~*~*~ (stealth).
  6491 | D:7      | Reached XP level 11. HP: 76/80 MP: 11/11
  6549 | D:7      | 6549 ||| Stepping ~*~*~tactically~*~*~ (stealth).
  6703 | D:7      | 6703 ||| Stepping ~*~*~tactically~*~*~ (stealth).
  6704 | D:7      | 6704 ||| Stepping ~*~*~tactically~*~*~ (stealth).
  6761 | D:7      | Found a shadowy altar of Dithmenos.
  6778 | D:7      | 6778 ||| UPGRADING to +0 pair of boots.
  6783 | D:7      | 6783 ||| READING 2 scrolls of identify.
  6783 | D:7      | 6783 ||| IDENTIFYING grey potion
  6784 | D:7      | 6784 ||| DROPPING potion of invisibility.
  6855 | D:8      | 6855 ||| Stepping ~*~*~tactically~*~*~ (hiding).
  6856 | D:8      | 6856 ||| Stepping ~*~*~tactically~*~*~ (hiding).
  6857 | D:8      | 6857 ||| Stepping ~*~*~tactically~*~*~ (hiding).
  6982 | D:8      | 6982 ||| SWAPPING to +2 heavy broad axe.
  6983 | D:8      | 6983 ||| DROPPING +2 war axe of freezing.
  7439 | D:8      | 7439 ||| UPGRADING to +0 plate armour.
  7449 | D:8      | 7449 ||| DROPPING +0 chain mail.
  7450 | D:8      | 7450 ||| DROPPING ring of ice.
  7451 | D:8      | 7451 ||| READING scroll labelled YRAXZY SINTINT.
  7452 | D:8      | 7452 ||| DRINKING 3 coppery potions.
  7453 | D:8      | 7453 ||| READING 2 scrolls of identify.
  7453 | D:8      | 7453 ||| IDENTIFYING puce potion
  7494 | D:9      | Noticed Joseph
  7503 | D:9      | Killed Joseph
  7513 | D:9      | Reached skill level 9 in Axes
  7515 | D:9      | HP: 14/80 [yak (8)]
  7516 | D:9      | 7516 ||| READING 5 scrolls of teleportation.
  7516 | D:9      | Slain by a wraith

Levels and vault maps discovered:
D:1:      tarquinn_simple_flora_water_a, layout_basic,
          chequers_ecumenical_altar_twisty
D:2:      layout_basic
D:3:      layout_basic, amcnicky_altar_gilded, lemuel_tele_altar,
          lemuel_flame_loot_1
D:4:      layout_loops_ring, kennysheep_slug_shrine, temple_hall,
          pf_guarded_unrand_woodcutter, uniq_duvessa
D:5:      layout_cave_pods, kennysheep_okawaru_gauntlet, enter_ossuary_2
D:6:      layout_basic, uniq_sigmund
D:7:      layout_basic, mainiacjoe_overflow_alcove_2, lemuel_doored_altar
D:8:      layout_loops_cross, minmay_misc_feat_four_crosses, uniq_maggie
D:9:      layout_rooms, mainiacjoe_overflow_six_doors_small,
          due_lair_maze_entry_diamond, uniq_joseph
Temple:   nicolae_temple_godzebo

Skill      XL: |  1  2  3  4  5  6  7  8  9 10 11 |
---------------+----------------------------------+-----
Axes           | 2 3 4 5 6 7 8 9 |  9.0
Fighting       | 4 14 | 14.1
Dodging        | 1 |  1.1
Shields        | 4 6 11 | 11.5
Armour         | 4 5 |  5.3

Action                     |  1- 3 |  4- 6 |  7- 9 | 10-12 || total
---------------------------+-------+-------+-------+-------++-------
  Melee: War axe           |   109 |   149 |   104 |   143 ||   505
         Broad axe         |       |       |       |    38 ||    38
    Use: Scroll            |     6 |     6 |     7 |     5 ||    24
         Potion            |       |     3 |     3 |     1 ||     7
 Armour: Scale mail        |    44 |    31 |       |       ||    75
         Chain mail        |       |    53 |    81 |    58 ||   192
         Plate armour      |       |       |       |    32 ||    32
  Dodge: Dodged            |    46 |    50 |    39 |    56 ||   191
  Block: Buckler           |    16 |    23 |    10 |       ||    49
         Kite shield       |       |       |    43 |    82 ||   125

Table legend:
 A = Non-vault XP
 B = Vault XP
 C = Vault XP percentage of total XP
 D = Non-vault monster count
 E = Vault monster count
 F = Vault count percentage of total count
                 A         B        C        D         E       F
            +---------+---------+-------+---------+---------+-------
      Total |    4731 |    2077 |  30.5 |     157 |      32 |  16.9
            +---------+---------+-------+---------+---------+-------
        D:1 |      43 |       0 |   0.0 |      27 |       0 |   0.0
        D:2 |      72 |       0 |   0.0 |      24 |       0 |   0.0
        D:3 |      86 |       0 |   0.0 |      21 |       0 |   0.0
        D:4 |     312 |     505 |  61.8 |      14 |      16 |  53.3
        D:5 |     216 |       0 |   0.0 |       9 |       0 |   0.0
        D:6 |     567 |     226 |  28.5 |       8 |       1 |  11.1
        D:7 |    1179 |       0 |   0.0 |      22 |       0 |   0.0
        D:8 |    1644 |     404 |  19.7 |      29 |       1 |   3.3
        D:9 |     612 |     621 |  50.4 |       3 |       2 |  40.0
    Ossuary |       0 |     321 | 100.0 |       0 |      12 | 100.0
            +---------+---------+-------+---------+---------+-------
